 Dungeon Crawl Stone Soup version 0.25.1-8-g42b30a86e7 (webtiles) character file.

Game seed: 15696524733557621160

137 gruber the Insei (level 5, 0/33 HPs)
             Began as an Octopode Transmuter on Dec 14, 2020.
             Slain by an orc
             ... wielding a +0 hand axe
              (7 damage)
             ... on level 3 of the Dungeon.
             The game lasted 00:01:28 (2614 turns).

gruber the Insei (Octopode Transmuter)              Turns: 2614, Time: 00:01:29

Health: 0/33       AC:  1    Str: 10    XL:     5   Next: 20%
Magic:  17/17      EV: 13    Int: 16    God:
Gold:   68         SH:  0    Dex: 12    Spells: 2/8 levels left

rFire    . . .     SeeInvis .     - Unarmed
rCold    . . .     Gourm    .   (no shield)
rNeg     . . .     Faith    .   (helmet restricted)
rPois    .         Spirit   .   (no amulet)
rElec    .         Reflect  .   m - ring of magical power
rCorr    .         Harm     .   (no ring)
MR       .....                  (no ring)
Stlth    ++........             (no ring)
HPRegen  0.11/turn              (no ring)
MPRegen  0.15/turn              (no ring)
                                (no ring)
                                (no ring)

@: no status effects
A: almost no armour, stealthy swim, amphibious, 8 rings, constrict 8, camouflage
1, gelatinous body 1
a: no special abilities


You were on level 3 of the Dungeon.
You were hungry.

You visited 1 branch of the dungeon, and saw 3 of its levels.

You collected 68 gold pieces.

Inventory:

Missiles
 a - 81 arrows
Jewellery
 m - a ring of magical power (left tentacle)
Wands
 n - a wand of acid (3)
Scrolls
 b - a scroll of fog {unknown}
 d - 2 scrolls of enchant weapon {unknown}
 e - 4 scrolls of identify {unknown}
 f - 4 scrolls of remove curse {unknown}
Potions
 g - 2 potions of haste {unknown}
 h - a potion of heal wounds {unknown}
 i - 2 potions of curing {unknown}
 j - a potion of magic {unknown}
 k - a potion of mutation {unknown}
Comestibles
 c - 7 rations


   Skills:
 - Level 1.0 Fighting
 - Level 2.0 Dodging
 + Level 5.7 Unarmed Combat
 - Level 2.0 Spellcasting
 - Level 2.0 Transmutations


You had 2 spell levels left.
You knew the following spells:

 Your Spells              Type           Power        Failure   Level  Hunger
a - Beastly Appendage     Tmut           #.....       9%          1    #......
b - Sticks to Snakes      Tmut           #.......     14%         2    ###....
c - Spider Form           Tmut/Pois      #.........   38%         3    ###....

Your spell library contained the following spells:

 Spells                   Type           Power        Failure   Level  Hunger
 Ice Form                 Ice/Tmut       #.......     80%         4    #####..
 Blade Hands              Tmut           #.........   94%         5    ######.


Dungeon Overview and Level Annotations

Branches:
Dungeon (3/15)

Altars:
Hepliaklqana


Innate Abilities, Weirdness & Mutations

You cannot wear most types of armour.
You are very stealthy in the water. (Stealth+)
You are amphibious.
You can wear up to eight rings at the same time.
You can use your tentacles to constrict eight enemies at once.
Your skin changes colour to match your surroundings (Stealth+).
Your rubbery body absorbs attacks. (AC +1, EV +1)


Message History

* * * LOW HITPOINT WARNING * * *
You barely miss the orc priest.
You pierce the orc priest.
The orc priest is heavily wounded.
You constrict the orc priest.
The orc priest hits you with a +0 short sword.
* * * LOW HITPOINT WARNING * * *
You bludgeon the orc priest!
You kill the orc priest!
You have reached level 5!
You feel stronger.
Your transformation is almost over.
Your magical contamination has completely faded away.
Your tentacle spike disappears.
There is an open door here.
There is an open door here.
You are feeling hungry.
There is an open door here.
There is a stone staircase leading up here.
The orc hits you with a +0 hand axe!
You die...

#.#....<.#.##.....#######.###
#.#.##.#...###...## #.#
#......##### ##.## #.# #......#
#o# #.# #......# #.# #.#
#....).# ##o## #####.####
#.....## ##...## #........#
#####.# ##...o.###.###.##.#
##.## ##....@..##.###..#.#
##...####.........#.#....#.####
#....<..'.........+............
##...####.........#.#....#.####
##.## ##.......##........#
###.# ##.....#####.###### #...#
##...## #.# #.### ##+## #.# #.#
######.# #.#


You could see 3 orcs.

Vanquished Creatures
  An orc priest (D:3)
  3 adders (D:2)
  2 worms
  2 dart slugs (D:1)
  4 leopard geckos
  2 orcs (D:3)
  6 bats
  6 giant cockroaches
  6 goblins
  6 hobgoblins
  4 kobolds
  2 quokkas
  A ball python (D:3)
  4 frilled lizards
  8 rats
57 creatures vanquished.

Vanquished Creatures (collateral kills)
  An adder (D:2)
1 creature vanquished.

Grand Total: 58 creatures vanquished

Notes
Turn   | Place    | Note
-------+----------+-------------------------------------------
     0 | D:1      | gruber the Octopode Transmuter began the quest for the Orb.
     0 | D:1      | Reached XP level 1. HP: 13/13 MP: 3/3
    51 | D:1      | Reached XP level 2. HP: 11/18 MP: 5/5
    66 | D:1      | Learned a level 2 spell: Sticks to Snakes
   425 | D:1      | Reached skill level 4 in Unarmed Combat
   545 | D:1      | Reached XP level 3. HP: 18/23 MP: 6/6
   674 | D:1      | Learned a level 3 spell: Spider Form
  1090 | D:2      | Reached XP level 4. HP: 14/28 MP: 5/7
  1512 | D:2      | Reached skill level 5 in Unarmed Combat
  2244 | D:3      | Found a hazy altar of Hepliaklqana.
  2563 | D:3      | HP: 1/28 [orc priest/+0 short sword (2)]
  2564 | D:3      | Reached XP level 5. HP: 1/33 MP: 8/8
  2614 | D:3      | Slain by an orc

Illustrated notes

Levels and vault maps discovered:
D:1:      psy_arrival_terrarium, layout_rooms, corexii_corridor_pit,
          minmay_domino_2
D:2:      layout_basic
D:3:      layout_loops_corners, nicolae_overflow_hidden_temple, first_ration,
          grunt_qazlal_sundering

Skill      XL: |  1  2  3  4 |
---------------+-------------+-----
Unarmed Combat | 4 5 |  5.7
Fighting       | |  1.0
Dodging        | |  2.0
Spellcasting   | |  2.0
Transmutations | |  2.0

Action                   |  1- 3 |  4- 6 || total
-------------------------+-------+-------++-------
Melee: Unarmed           |    85 |    45 ||   130
       Constrict         |    26 |    11 ||    37
       Tentacles         |    11 |     6 ||    17
       Punch             |     1 |     3 ||     4
       Kick              |     1 |     2 ||     3
 Cast: Beastly Appendage |     4 |     2 ||     6
       Sticks to Snakes  |     2 |       ||     2
 Stab: Sleeping          |     3 |     3 ||     6
  Eat: Chunk             |     1 |     4 ||     5
Armor: Skin              |     9 |       ||     9
Dodge: Dodged            |    53 |    18 ||    71
